 Dungeon Crawl Stone Soup version 0.19-a0-231-gae044c8 (webtiles) character file.

5740 wvc the Slicer (level 10, -5/71 HPs)
             Began as a Mummy Wanderer on May 24, 2016.
             Was an Elder of Ukayaw.
             Slain by an eight-headed hydra (7 damage)
             ... on level 1 of the Lair of Beasts.
             The game lasted 00:22:26 (10973 turns).

wvc the Slicer (Mummy Wanderer)                    Turns: 10973, Time: 00:22:26

Health: -5/71      AC:  8    Str: 13    XL:     10   Next: 49%
Magic:  11/11      EV: 14    Int: 12    God:    Ukayaw [****..]
Gold:   398        SH:  0    Dex: 17    Spells: 2 memorised, 8 levels left

rFire  + . .     SeeInvis .     f - +2 dagger (venom)
rCold  + . .     Gourm    .     w - +3 salamander hide armour {+Rage rF++}
rNeg   + + +     Faith    .     (no shield)
rPois  ∞         Spirit   .     n - +1 helmet
rElec  .         Dismiss  .     (no cloak)
rCorr  +         Reflect  .     (no gloves)
SustAt .         Harm     .     (no boots)
MR     +....                    b - amulet of regeneration
Stlth  +.........               (no ring)
                                i - ring of resist corrosion

@: somewhat resistant to hostile enchantments, very unstealthy
A: no food or potions, fire vulnerability, cold resistance 1, negative energy
resistance 3, torment resistance, unbreathing
a: Stomp, Line Pass, Renounce Religion


You were on level 1 of the Lair of Beasts.
You worshipped Ukayaw.
Ukayaw was greatly pleased with you.
You were not hungry.

You visited 2 branches of the dungeon, and saw 10 of its levels.

You collected 398 gold pieces.

Inventory:

Hand Weapons
 f - a +2 dagger of venom (weapon)
 k - the +2 trident "Jellybane" {flame, rElec Str+5 Dex-2}
   (You found it on level 6 of the Dungeon)

   It has been specially enchanted to burn those struck by it, causing extra
   injury to most foes and up to half again as much damage against particularly
   susceptible opponents.
   It affects your strength (+5).
   It affects your dexterity (-2).
   It insulates you from electricity.
Missiles
 h - a throwing net (quivered)
Armour
 n - a +1 helmet (worn)
 w - the +3 salamander hide armour (worn) {+Rage rF++}
   (You found it on level 8 of the Dungeon)

   It greatly protects you from fire.
   It lets you go berserk.
Jewellery
 b - an amulet of regeneration (around neck)
 i - a ring of resist corrosion (left hand)
Wands
 e - a wand of slowing (31/48)
 j - a wand of enslavement (17/24)
 p - a wand of lightning (7/15)
 s - a wand of disintegration (11/24)
 v - a wand of acid (6/15)
Scrolls
 g - a scroll of remove curse
 l - 7 scrolls of identify
 m - 3 scrolls of recharging
 o - a scroll of immolation
 q - 2 scrolls of magic mapping
Books
 a - a book of Spatial Translocations

   Spells                             Type                      Level
   a - Apportation                    Translocation                1
   b - Blink                          Translocation                2
   c - Shroud of Golubria             Charms/Translocation         2
   d - Portal Projectile              Translocation                3
   e - Teleport Other                 Translocation                3
   f - Passage of Golubria            Translocation                4
 c - the Papyrus of the Compass

   Spells                             Type                      Level
   a - Apportation                    Translocation                1
   b - Recall                         Summoning/Translocation      3
 d - a book of the Tempests

   Spells                             Type                      Level
   a - Static Discharge               Conjuration/Air              3
   b - Lightning Bolt                 Conjuration/Air              5
   c - Fireball                       Conjuration/Fire             5
   d - Tornado                        Air                          9
   e - Shatter                        Earth                        9
 r - a book of Beasts

   Spells                             Type                      Level
   a - Summon Butterflies             Summoning                    1
   b - Call Canine Familiar           Summoning                    3
   c - Summon Ice Beast               Ice/Summoning                4
   d - Summon Mana Viper              Hexes/Summoning              5
   e - Summon Hydra                   Summoning                    7
 t - a book of Summonings

   Spells                             Type                      Level
   a - Recall                         Summoning/Translocation      3
   b - Aura of Abjuration             Summoning                    5
   c - Summon Demon                   Summoning                    5
   d - Summon Forest                  Summoning/Translocation      5
   e - Summon Mana Viper              Hexes/Summoning              5
   f - Shadow Creatures               Summoning                    6


   Skills:
 + Level 3.7 Fighting
 - Level 11.4 Short Blades
   Level 1.3 Maces & Flails
   Level 1.0 Bows
 - Level 1.0 Throwing
 + Level 2.8 Armour
 + Level 4.0 Dodging
   Level 1.0 Shields
 - Level 1.0 Spellcasting
 + Level 2.7 Translocations
   Level 1.0 Air Magic


You had 8 spell levels left.
You knew the following spells:

 Your Spells              Type           Power        Failure   Level  Hunger
a - Apportation           Tloc           #.........   14%         1    N/A
b - Blink                 Tloc           N/A          21%         2    N/A

Dungeon Overview and Level Annotations

Branches:
Dungeon (9/15)             Temple (0/1) D:6            Lair (1/8) D:8
    Orc: D:9-12

Altars:
Ashenzari
Dithmenos
Fedhas
Hepliaklqana
Kikubaaqudgha
Makhleb
Nemelex Xobeh
Okawaru
Pakellas
Ru
Sif Muna
Ukayaw
Vehumet
Yredelemnul
Zin
The Shining One


Innate Abilities, Weirdness & Mutations

You do not eat or drink.
Your flesh is vulnerable to fire.
You are immune to poison.
Your flesh is cold resistant. (rC+)
You are immune to negative energy. (rN+++)
You are immune to unholy pain and torment.
You can survive without breathing.


Message History

The eight-headed hydra is lightly wounded.
The eight-headed hydra misses you. The eight-headed hydra bites you. x2
The eight-headed hydra bites you but does no damage.
The eight-headed hydra misses you.
The eight-headed hydra bites you but does no damage. x2
The eight-headed hydra bites you!
* * * LOW HITPOINT WARNING * * *
You barely miss the eight-headed hydra.
The eight-headed hydra is lightly wounded.
You hit the eight-headed hydra.
The eight-headed hydra is lightly wounded.
The eight-headed hydra barely misses you.
The eight-headed hydra bites you.
* * * LOW HITPOINT WARNING * * *
The eight-headed hydra bites you.
* * * LOW HITPOINT WARNING * * *
The eight-headed hydra bites you.
* * * LOW HITPOINT WARNING * * *
The eight-headed hydra misses you. The eight-headed hydra bites you!
You die...

## ###....## ###
#.P##.......#...P
..........†..!..♣
##..#...†<†....≈.
..(.......†.≈≈.≈.
.#.#.......≈≈.≈.
#....♣♣≈≈≈≈≈≈.
##....♣≈≈≈..≈.
#....@..≈...≈
#....D≈≈≈≈..≈
##........≈≈.
#...≈≈≈.≈≈≈.
#.#....r≈≈.≈
....♣......≈
##.##.♣≈..≈.≈
...≈.≈


You could see an eight-headed hydra and a river rat.

Vanquished Creatures
  A cyclops (D:7)
  2 hippogriffs
  A hungry ghost (D:8)
  A mottled dragon (D:8)
  2 ice beasts
  A sky beast (D:4)
  3 orc warriors
  A phantom (D:7)
  A black bear (D:6)
  7 ogres
  A crocodile (D:8)
  4 centaurs
  A big kobold (D:7)
  Blork the orc (D:4)
  8 giant frogs
  2 scorpions
  10 killer bees
  3 wights
  2 crimson imps (D:9)
  2 giant frog zombies
  6 jellies
  5 orc priests
  8 iguanas
  Terence (D:3)
  Natasha (thrice) (D:3)
  10 orc wizards
  10 worker ants
  3 hound skeletons
  2 worker ant zombies
  Robin (D:2)
  7 gnolls
  2 howler monkey skeletons
  10 adders
  7 river rats (Lair:1)
  3 shadow imps
  7 oozes
  An adder skeleton (D:5)
  5 worms
  3 dart slugs
  8 giant geckos
  28 orcs
  12 bats
  5 giant cockroaches
  17 goblins
  5 hobgoblins
  14 jackals
  13 kobolds
  3 quokkas
  A ball python (D:2)
  5 giant newts
  A quokka zombie (D:5)
  12 rats
272 creatures vanquished.

Vanquished Creatures (others)
  A giant cockroach (D:3)
1 creature vanquished.

Grand Total: 273 creatures vanquished

Notes
Turn   | Place    | Note
--------------------------------------------------------------
     0 | D:1      | wvc the Mummy Wanderer began the quest for the Orb.
     0 | D:1      | wvc set off with: a book of Spatial Translocations, a +0 mace, the Papyrus of the Compass, a +0 robe
     0 | D:1      | Reached XP level 1. HP: 13/13 MP: 2/2
     9 | D:1      | Identified the Papyrus of the Compass
    11 | D:1      | Learned a level 1 spell: Apportation
   318 | D:1      | Reached XP level 2. HP: 19/20 MP: 3/3
   746 | D:1      | Reached skill level 1 in Maces & Flails
  1130 | D:1      | Reached skill level 1 in Fighting
  1144 | D:1      | Reached XP level 3. HP: 12/26 MP: 4/4
  2146 | D:1      | Reached skill level 1 in Dodging
  2452 | D:2      | Found a sacrificial altar of Ru.
  2526 | D:2      | Reached XP level 4. HP: 33/33 MP: 5/5
  2536 | D:2      | Noticed Robin
  2556 | D:2      | Killed Robin
  2597 | D:2      | Found a radiant altar of Vehumet.
  3118 | D:3      | Reached XP level 5. HP: 30/38 MP: 6/6
  3176 | D:3      | Found a hide-covered altar to Ukayaw.
  3200 | D:3      | Reached skill level 1 in Short Blades
  3213 | D:3      | Reached skill level 2 in Short Blades
  3679 | D:3      | Noticed Natasha
  3702 | D:3      | Killed Natasha
  3733 | D:3      | Noticed Natasha
  3743 | D:3      | Killed Natasha
  3743 | D:3      | Reached XP level 6. HP: 24/44 MP: 7/7
  3852 | D:3      | Reached skill level 3 in Short Blades
  4026 | D:3      | Noticed Terence
  4056 | D:3      | Killed Terence
  4079 | D:3      | Noticed Natasha
  4155 | D:3      | Killed Natasha
  4439 | D:4      | Found a sparkling altar of Nemelex Xobeh.
  4669 | D:4      | Found a deep blue altar of Sif Muna.
  4679 | D:4      | Reached skill level 4 in Short Blades
  4779 | D:4      | Noticed a sky beast
  4793 | D:4      | Killed a sky beast
  4793 | D:4      | Reached XP level 7. HP: 50/50 MP: 8/8
  4870 | D:4      | Noticed Blork the orc
  4886 | D:4      | Killed Blork the orc
  4938 | D:4      | Found a hazy altar of Hepliaklqana.
  4983 | D:3      | Became a worshipper of Ukayaw the Reveler
  5163 | D:4      | Found a basalt altar of Yredelemnul.
  5265 | D:4      | Reached skill level 5 in Short Blades
  5271 | D:4      | Reached * piety under Ukayaw
  5427 | D:4      | Reached ** piety under Ukayaw
  5485 | D:5      | Entered Level 5 of the Dungeon
  5570 | D:5      | Reached *** piety under Ukayaw
  5571 | D:5      | Reached skill level 6 in Short Blades
  5573 | D:5      | Reached **** piety under Ukayaw
  5712 | D:5      | Reached XP level 8. HP: 53/56 MP: 9/9
  6052 | D:5      | Reached skill level 7 in Short Blades
  6432 | D:5      | Found an iron altar of Okawaru.
  6636 | D:5      | Found a shattered altar of Ashenzari.
  6663 | D:6      | Found a shadowy altar of Dithmenos.
  6665 | D:6      | Found a staircase to the Ecumenical Temple.
  6680 | D:6      | Got an iridescent trident
  6681 | D:6      | Identified the +2 trident "Jellybane" {flame, rElec Str+5 Dex-2} (You found it on level 6 of the Dungeon)
  6743 | D:6      | Found an oddly glowing altar of Pakellas.
  6802 | D:6      | Found an oddly glowing altar of Pakellas.
  6814 | D:6      | Reached skill level 8 in Short Blades
  7192 | D:7      | Reached XP level 9. HP: 42/61 MP: 10/10
  7198 | D:7      | Reached skill level 9 in Short Blades
  7923 | D:7      | Noticed a cyclops
  8023 | D:7      | Killed a cyclops
  8023 | D:7      | Reached skill level 10 in Short Blades
  8705 | D:7      | Reached skill level 11 in Short Blades
  8927 | D:8      | Reached XP level 10. HP: 13/67 MP: 11/11
  9081 | D:8      | Found a glowing golden altar of the Shining One.
  9190 | D:8      | Found a blossoming altar of Fedhas.
  9298 | D:8      | Learned a level 2 spell: Blink
  9409 | D:8      | Found a staircase to the Lair.
  9933 | D:8      | Found a burning altar of Makhleb.
  9939 | D:8      | Found an ancient bone altar of Kikubaaqudgha.
  9942 | D:8      | Found a glowing silver altar of Zin.
 10242 | D:9      | Got a warped ring mail
 10243 | D:9      | Identified the cursed +1 ring mail of the Bard {rC+} (You found it on level 9 of the Dungeon)
 10951 | Lair:1   | Entered Level 1 of the Lair of Beasts
 10962 | Lair:1   | Reached ***** piety under Ukayaw
 10964 | Lair:1   | Noticed an eight-headed hydra
 10973 | Lair:1   | HP: 2/71 [eight-headed hydra (3)]
 10973 | Lair:1   | Slain by an eight-headed hydra

Vault maps used:
D:1:      minmay_arrival_semitransparent
D:2:      nicolae_ru_path_of_blood, vehumet_crystals, first_bread, uniq_robin
D:3:      nicolae_overflow_hidden_temple, uniq_natasha, uniq_terence
D:4:      kennysheep_little_box, tgw_sif, nicolae_overflow_crystal_walls,
          lemuel_crystal_altar, minmay_misc_feat_four_crosses,
          uniq_blork_the_orc
D:5:      kennysheep_mini_moat, kennysheep_okawaru_gauntlet
D:6:      old_standard_altar, grunt_dithmenos_smoke,
          minmay_temple_entry_purple_smoke, grunt_pakellas_basics
D:8:      lemuel_coloured_pillars_altar, minitemple, erik_lair_dragon,
          hangedman_little_slice_of_home, fedhas_altar_1
Lair:1:   nicolae_quartered_pool_medium

Skill      XL: |  1  2  3  4  5  6  7  8  9 10 |
---------------+-------------------------------+-----
Maces & Flails | 1 |  1.3
Fighting       | 1 2 3 |  3.7
Dodging        | 1 2 4 |  4.0
Short Blades   | 2 4 6 8 11 | 11.4
Armour         | 2 |  2.8
Bows           | |  1.0
Throwing       | |  1.0
Shields        | |  1.0
Spellcasting   | |  1.0
Translocations | |  2.7
Air Magic      | |  1.0

Action                   |  1- 3 |  4- 6 |  7- 9 | 10-12 || total
-------------------------+-------+-------+-------+-------++-------
Melee: Mace              |   143 |       |       |       ||   143
       Dagger            |    35 |   337 |   688 |   379 ||  1439
Invok: Stomp             |       |       |     2 |       ||     2
Evoke: Wand              |       |       |     1 |       ||     1
  Use: Scroll            |       |    12 |     4 |     1 ||    17
 Stab: Sleeping          |     1 |     2 |     2 |     4 ||     9
       Paralysed         |       |       |     6 |     6 ||    12
Armor: Robe              |    32 |       |       |       ||    32
       Leather armour    |       |    76 |   138 |    51 ||   265
       Animal skin       |       |    10 |       |       ||    10
Dodge: Dodged            |   134 |   177 |   273 |   154 ||   738
